 Dungeon Crawl Stone Soup version 0.22-a0-395-gfed312b (webtiles) character file.

3310047 budo the Axe Maniac (level 27, 240/270 (273) HPs)
             Began as a Hill Orc Berserker on May 2, 2018.
             Was a High Priest of Trog.
             Escaped with the Orb
             ... and 5 runes on May 3, 2018!
             The game lasted 04:10:01 (66686 turns).

budo the Axe Maniac (Hill Orc Berserker)           Turns: 66686, Time: 04:10:02

HP:   240/270 (273) AC: 40    Str: 34    XL:     27
MP:   36/36         EV: 19    Int:  7    God:    Trog [*****.]
Gold: 4581          SH:  0    Dex: 19    Spells: 26/26 levels left

rFire    + + .     SeeInvis .   Q - +4 executioner's axe (elec)
rCold    + . .     Gourm    .   (shield currently unavailable)
rNeg     + . .     Faith    .   H - +4 gold dragon scales
rPois    +         Spirit   .   V - +2 hat {MR+}
rElec    +         Reflect  .   i - +0 cloak "Tauhim" {rPois Str+8}
rCorr    .         Harm     .   K - +2 pair of gloves {archery}
MR       ++++.                  x - +2 pair of boots of Vuupn {rElec Dex+3}
Stlth    ..........             S - amulet of regeneration
HPRegen  0.95/turn              o - ring of the Heavens {rN+ MR+ Str-5 Dex+2 Slay+2}
MPRegen  0.25/turn              a - ring of protection from fire

@: no status effects
A: talons 1, strong 1, wild magic 1
0: Orb of Zot
}: 5/15 runes: serpentine, barnacled, slimy, silver, abyssal
a: Berserk, Trog's Hand, Brothers in Arms, Renounce Religion


You escaped.
You worshipped Trog.
Trog was extremely pleased with you.
You were full.

You visited 10 branches of the dungeon, and saw 54 of its levels.
You visited the Abyss 1 time.
You visited 2 bazaars.
You also visited: Trove, Bailey, Ice Cave and Volcano.

You collected 12492 gold pieces.
You spent 7911 gold pieces at shops.

Inventory:

Hand Weapons
 L - a +9 antimagic executioner's axe
 Q - a +4 executioner's axe of electrocution (weapon)
Missiles
 f - 16 javelins of returning
 y - 41 poisoned javelins
 O - 3 throwing nets
 X - 37 javelins of penetration (quivered)
Armour
 i - the +0 cloak "Tauhim" (worn) {rPois Str+8}
   (You bought it in a shop in a bazaar)

   It affects your strength (+8).
   It protects you from poison.
 x - the +2 pair of boots of Vuupn (worn) {rElec Dex+3}
   (You bought it in a shop in a bazaar)

   It affects your dexterity (+3).
   It insulates you from electricity.
 H - +4 gold dragon scales (worn)
 K - a +2 pair of gloves of archery (worn)
 V - a +2 hat of magic resistance (worn)
Jewellery
 a - a ring of protection from fire (right hand)
 n - an uncursed ring of protection from cold
 o - the ring of the Heavens (left hand) {rN+ MR+ Str-5 Dex+2 Slay+2}
   (You acquired it on level 5 of the Realm of Zot)

   [ring of positive energy]

   It affects your strength (-5).
   It affects your dexterity (+2).
   It affects your accuracy and damage with ranged weapons and melee attacks
   (+2).
   It protects you from negative energy.
   It affects your resistance to hostile enchantments.
 u - an uncursed ring of resist corrosion
 N - an uncursed ring of see invisible
 S - an amulet of regeneration (around neck)
Wands
 e - a wand of clouds (4)
 l - a wand of digging (24)
 r - a wand of iceblast (22)
 B - a wand of paralysis (53)
 G - a wand of acid (19)
 P - a wand of scattershot (2)
Scrolls
 g - 5 scrolls of fear
 q - 21 scrolls of remove curse
 z - 6 scrolls of blinking
 C - 4 scrolls of summoning
 D - 15 scrolls of identify
 F - 2 scrolls of silence
 I - 5 scrolls of fog
 W - 10 scrolls of teleportation
 Y - 2 scrolls of magic mapping
Potions
 b - 17 potions of curing
 h - 4 potions of agility
 j - 9 potions of mutation
 k - 11 potions of lignification
 m - 6 potions of heal wounds
 s - 4 potions of haste
 v - 7 potions of invisibility
 w - 9 potions of flight
 A - 5 potions of cancellation
 E - 2 potions of resistance
 R - 7 potions of might
 T - 3 potions of ambrosia
Miscellaneous
 d - a fan of gales
 p - a lightning rod (4/4)
 t - 3 boxes of beasts
 M - a phial of floods
 Z - a phantom mirror
Comestibles
 c - 35 rations


   Skills:
 O Level 27 Fighting
 O Level 27 Axes
 - Level 17.3 Throwing
 + Level 22.6 Armour
 + Level 16.3 Dodging
 - Level 18.0 Evocations


You had 26 spell levels left.
You didn't know any spells.

Dungeon Overview and Level Annotations

Branches:
Dungeon (15/15)            Temple (0/1) D:4            Lair (6/6) D:11
 Shoals (4/4) Lair:2        Snake (4/4) Lair:2        Slime (5/5) Lair:6
    Orc (2/2) D:10            Elf (3/3) Orc:2        Vaults (5/5) D:14
  Crypt (0/3) Vaults:3     Depths (5/5) D:15            Zot (5/5) Depths:5

Altars:
Kikubaaqudgha
Okawaru
Trog
Uskayaw
Vehumet
Wu Jian
Yredelemnul
The Shining One
Jiyva

Shops:
D:7 (   D:11 *   D:13 !%==   D:15 *   Orc:2 }!*(   Elf:1 !   Elf:3 =**
Snake:2 *   Depths:3 }=}

Portals:
Hell: Depths:1 Depths:2 Depths:3 Depths:4 Depths:5
Abyss: Depths:3 Depths:4
Pandemonium: Depths:3
Ziggurat: Depths:4

Annotations:
Lair:2 exclusion: 2 oklob plants
Lair:6 exclusion: oklob plant
Slime:5 Royal Jelly
Orc:1 1 transporter
Elf:2 5 runed doors
Zot:5 4 exclusions


Innate Abilities, Weirdness & Mutations

You have sharp toenails.
Your muscles are strong. (Str +2)
Your spells are a little harder to cast, but a little more powerful.


Message History

You feel sick.
You feel sick.
You feel sick.
You feel sick.
There is a stone staircase leading up here.
Your magical effects are unravelling.
You feel magically purged.
You feel yourself speed up.
You feel yourself slow down.
You feel sick.
You start resting.
You feel sick. x14
You recover from your berserk rage.
You climb upwards.
You feel sick.
You are no longer poisoned.
There is a stone staircase leading down here.
There is a stone staircase leading up here.
You climb upwards.
There is a stone staircase leading down here.
A rust devil comes into view.
There is a staircase leading out of the dungeon here.
You have escaped!

.# #...รท...# ######....#
.##########.######## ###...
...................###########...
########....)....................
#...(...#.......########..
#......###......# #..
#.......#.......# #..
#...........4...# #..
#...#...#@..#...# #..
#..###.###.###..# #..
#...#..>#...#...# #..
##..............# #..
#......#.......# #..
#.....###......# ###
#......#.......# #..............#
########.......#


You could see a rust devil.

Vanquished Creatures
  the Royal Jelly (Slime:5)
  Dissolution (Slime:4)
  7 ancient liches
  2 orbs of fire
  Mara (Vaults:4)
  Xtahua (Vaults:4)
  Vashnia (Snake:2)
  2 caustic shrikes
  A Killer Klown (Zot:5)
  11 golden dragons
  2 pandemonium lords
  Nikola (Snake:2)
  The ghost of Nattefrost the Warrior, an adept DsWn of Yredelemnul (Elf:3)
  An electric golem (Zot:5)
  A Tzitzimitl (D:3)
  Jorgrun (Shoals:4)
  20 tentacled monstrosities
  A lich (Vaults:4)
  20 Orb Guardians (Zot:5)
  3 deep elf blademasters
  6 titans
  Asterion (Vaults:2)
  8 quicksilver dragons
  2 quicksilver dragons (shapeshifter)
  An Executioner (D:15)
  3 death cobs
  2 tentacled starspawn (Abyss:3)
  21 acid blobs
  Gastronok (Orc:1)
  A thorn hunter (Depths:3)
  8 sphinxes
  Kirke (Elf:1)
  Polyphemus (Shoals:4)
  9 storm dragons
  5 tengu reavers
  9 azure jellies
  Roxanne (Snake:2)
  7 nagarajas
  9 shadow dragons
  9 frost giants
  4 iron dragons
  4 draconian monks
  13 vault wardens
  9 fire giants
  3 draconian knights
  13 deep elf sorcerers
  Ilsuiw (Shoals:4)
  2 draconian shifters
  2 ghost moths
  2 draconian scorchers
  2 draconian stormcallers (Zot:1)
  12 deep elf elementalists
  3 spriggan defenders
  2 draconian annihilators
  12 ironheart preservers
  A war gargoyle (Vaults:5)
  27 very ugly things
  5 entropy weavers
  17 stone giants
  2 vampire knights
  7 deep elf annihilators
  9 black draconians
  9 green draconians
  7 deep elf demonologists
  11 purple draconians
  Azrael (D:13)
  8 white draconians
  8 yellow draconians
  17 ettins
  8 deep elf death magi
  6 red draconians
  6 merfolk javelineers
  3 death oozes
  12 fire dragons
  12 merfolk impalers
  5 deep elf high priests
  26 yaktaur captains
  8 great orbs of eyes
  7 rakshasas
  Harold (Lair:2)
  11 naga warriors
  33 vault guards
  3 hydras
  A hydra (shapeshifter) (Vaults:4)
  9 ice dragons
  8 anacondas
  A hell beast (Depths:5)
  18 centaur warriors
  2 catoblepae
  2 merfolk avatars (Shoals:1)
  5 spriggan air magi
  2 death knights (Vaults:4)
  3 merfolk aquamancers
  3 satyrs
  14 dancing weapons
  32 two-headed ogres
  5 deep troll shamans
  14 ogre magi
  The ghost of soark the Destroyer, a journeyman DECj of Vehumet (D:12)
  3 spriggan berserkers
  An alligator snapping turtle (Shoals:4)
  4 death yaks
  6 tengu warriors
  A vampire mage (Depths:2)
  Urug (D:13)
  10 deep troll earth magi
  3 orc high priests (Orc:2)
  5 shock serpents
  2 thrashing horrors (Abyss:3)
  15 naga sharpshooters
  6 spriggans
  A sun demon (Depths:5)
  Sonja (Orc:2)
  A soul eater (D:3)
  11 deep elf knights
  6 hell knights
  4 iron trolls (Depths:1)
  A shadow wraith (Vaults:2)
  A sixfirhy (Abyss:3)
  A deep troll (shapeshifter) (Vaults:4)
  A death drake (Zot:4)
  13 skeletal warriors
  A wretched star (Abyss:3)
  19 deep trolls
  7 unseen horrors
  5 wizards
  A spark wasp zombie (Depths:2)
  10 glowing orange brains
  3 naga ritualists
  23 sea snakes
  14 deep elf archers
  5 lindwurms (Lair:6)
  2 flayed ghosts
  Pikel (D:4)
  An orb spider (shapeshifter) (Vaults:3)
  15 ironbrand convokers
  8 phantasmal warriors
  13 orc knights
  6 necromancers (Depths:2)
  7 oklob plants
  12 mana vipers
  11 harpies
  14 fauns
  63 ugly things
  32 deep elf magi
  3 wolf spiders
  A manticore (shapeshifter) (Vaults:2)
  12 salamanders
  10 cyclopes
  A worldbinder (Abyss:3)
  12 elephants
  4 orc sorcerers
  An elephant (shapeshifter) (Vaults:4)
  3 shining eyes
  The ghost of Dargar the Cudgeler, a novice GrFi of the Shining One (D:6)
  17 moths of wrath
  4 centaur zombies
  3 rust devils
  32 black mambas
  16 manticores
  6 merfolk sirens
  11 guardian serpents
  13 naga magi
  A gargoyle (D:10)
  A guardian serpent (shapeshifter) (Depths:1)
  8 vault sentinels
  An apocalypse crab (Abyss:3)
  6 eyes of devastation
  5 ice statues (IceCv)
  A torpor snail (shapeshifter) (Vaults:4)
  15 spiny frogs
  7 torpor snails
  7 water nymphs
  A spiny frog (shapeshifter) (Vaults:4)
  5 rime drakes
  2 kobold demonologists (D:11)
  4 small abominations
  A hellwing (D:15)
  A tormentor (Depths:3)
  The ghost of Dargar the Shield-Bearer, a novice GrFi of the Shining One (D:5)
  10 komodo dragons
  A komodo dragon (shapeshifter) (Depths:3)
  An anaconda simulacrum (IceCv)
  9 freezing wraiths
  71 yaktaurs
  A red devil (Depths:3)
  3 ancient zymes (Abyss:3)
  The ghost of George the Fighter, an amateur GnWn (D:3)
  37 merfolk
  3 trolls
  6 tengu conjurers
  An ice devil (Depths:3)
  2 polar bears
  A jumping spider (shapeshifter) (Depths:2)
  A polar bear (shapeshifter) (D:14)
  A golden dragon simulacrum (IceCv)
  2 trolls (shapeshifter)
  2 wind drakes (shapeshifter)
  15 hornets
  A sphinx simulacrum (Vaults:1)
  3 wind drakes
  4 tyrant leeches (Lair:6)
  A raiju (shapeshifter) (Vaults:4)
  96 slime creatures
  5 dream sheep (Lair:5)
  11 blink frogs
  13 snapping turtles
  A tarantella (Vaults:3)
  12 hippogriffs
  2 shadows
  4 redbacks
  29 yaks
  4 wyverns
  A spriggan (shapeshifter) (Depths:3)
  A fire bat (shapeshifter) (Vaults:4)
  10 large abominations
  23 water elementals
  3 hogs (Elf:1)
  6 fire elementals
  A fire bat (Volcano)
  A vampire (D:15)
  A ynoxinul (Depths:3)
  5 basilisks
  2 basilisks (shapeshifter) (Vaults:3)
  3 golden eyes (Slime:2)
  A steam dragon (D:11)
  2 chaos spawn (Depths:4)
  2 hungry ghosts
  4 vampire mosquitoes (D:12)
  Menkaure (D:6)
  3 harpy simulacra (IceCv)
  56 nagas
  6 wargs
  4 hell hounds
  An iron troll simulacrum (IceCv)
  3 hydra simulacra (IceCv)
  35 water moccasins
  A water moccasin (shapeshifter) (Depths:3)
  4 porcupines
  8 ice beasts
  36 orc warriors
  A black bear (D:10)
  6 eyes of draining
  A hornet zombie (D:15)
  2 phantoms
  4 sky beasts
  4 starcursed masses (Abyss:3)
  3 necrophages
  26 ogres
  A boggart (Depths:2)
  22 centaurs
  13 wolves
  13 crocodiles
  An elf simulacrum (Depths:5)
  7 big kobolds
  15 bullfrogs
  5 gnoll sergeants
  5 earth elementals
  A wyvern skeleton (D:6)
  5 scorpions
  6 wights (D:7)
  An electric eel (Lair:3)
  6 crimson imps
  A bullfrog zombie (D:12)
  11 orc priests
  2 bullfrog skeletons
  5 jellies
  17 orc wizards
  4 centaur skeletons
  6 hounds
  3 iguanas
  10 worker ants
  A hound skeleton (D:8)
  A worker ant zombie (D:10)
  A howler monkey zombie (D:5)
  18 gnolls
  27 adders
  3 shadow imps
  An ufetubus (D:8)
  An ooze (D:1)
  An adder zombie (D:5)
  3 worms
  A worm (shapeshifter) (Vaults:5)
  2 dart slugs (D:2)
  6 leopard geckos
  90 orcs
  8 giant cockroaches
  21 goblins
  11 hobgoblins
  7 jackals
  21 kobolds
  5 quokkas
  2 ball pythons
  5 bats
  5 frilled lizards
  A leopard gecko skeleton (D:4)
  2 quokka skeletons
  6 rats
  A crawling corpse (Vaults:4)
  6 fungi
  A lurking horror (Abyss:3)
  28 plants
  A starspawn tentacle (Abyss:3)
2318 creatures vanquished.

Vanquished Creatures (collateral kills)
  An ancient lich (Vaults:4)
  An orb of fire (Zot:5)
  A juggernaut (Depths:4)
  A tentacled monstrosity (Zot:1)
  2 Orb Guardians (Zot:5)
  A titan (Vaults:4)
  An acid blob (Slime:5)
  A deep elf master archer (Elf:3)
  A thorn hunter (Abyss:3)
  An azure jelly (Slime:5)
  A ghost moth (Abyss:3)
  Aizul (Snake:4)
  A draconian shifter (Zot:1)
  A deep elf elementalist (Depths:2)
  An entropy weaver (Depths:2)
  A spark wasp (Depths:2)
  A yellow draconian (Zot:1)
  A deep elf annihilator (Elf:3)
  A deep elf high priest (Depths:4)
  A death ooze (Slime:5)
  An ice dragon (Depths:4)
  2 naga warriors (Snake:4)
  A spriggan air mage (Depths:2)
  A rakshasa (Depths:2)
  2 hydras
  2 anacondas (Snake:4)
  The ghost of UnrealSpeedPerson7 the Cleaver, a novice DDFi of Makhleb (D:9)
  A centaur warrior (D:14)
  3 naga sharpshooters
  A large abomination (Abyss:3)
  A flayed ghost (Depths:4)
  A deep troll (Vaults:4)
  A wizard (D:14)
  A shining eye (Slime:5)
  A deep elf mage (Elf:3)
  A naga mage (Snake:4)
  A black mamba (Snake:4)
  A guardian serpent (Snake:4)
  A rime drake (Lair:6)
  An ancient zyme (Abyss:3)
  A komodo dragon (D:14)
  A tengu conjurer (D:13)
  A troll (D:13)
  A slime creature (D:14)
  A merfolk (D:9)
  2 blink frogs (Lair:6)
  A hippogriff (Lair:6)
  A basilisk (Lair:6)
  A naga (Snake:4)
  2 small abominations (Abyss:3)
  A water moccasin (Lair:6)
  A porcupine (Lair:1)
  7 starcursed masses (Abyss:3)
  2 eyes of draining (Slime:5)
  A gnoll sergeant (D:10)
  An orc priest (D:9)
  An orc wizard (D:9)
  5 orcs
77 creatures vanquished.

Vanquished Creatures (others)
  A draconian scorcher (Zot:2)
  A black draconian (Zot:3)
  A two-headed ogre (Volcano)
  A mana viper (Snake:2)
  A moth of wrath (Zot:5)
  A meliai zombie (D:14)
  3 humans (Elf:1)
  A slave (D:4)
  An orc warrior (Vaults:5)
  A boggart (Depths:2)
  An orc wizard (D:4)
  5 orcs
  2 briar patches (Abyss:3)
  3 fungi (Lair:6)
  22 plants
  4 starspawn tentacles (Abyss:3)
49 creatures vanquished.

Grand Total: 2444 creatures vanquished

Notes
Turn   | Place    | Note
-------+----------+-------------------------------------------
     0 | D:1      | budo the Hill Orc Berserker began the quest for the Orb.
     0 | D:1      | Reached XP level 1. HP: 19/19 MP: 1/1
   316 | D:1      | Reached XP level 2. HP: 26/26 MP: 2/2
   353 | D:1      | Reached skill level 5 in Axes
   706 | D:2      | Found an ornate altar of the Wu Jian Council.
   743 | D:2      | Reached XP level 3. HP: 31/31 MP: 3/3
   762 | D:2      | Found an ancient bone altar of Kikubaaqudgha.
   763 | D:2      | Found a hide-covered altar of Uskayaw.
  1090 | D:2      | Reached XP level 4. HP: 39/39 MP: 4/4
  1094 | D:2      | Reached ** piety under Trog
  1329 | D:2      | Noticed a bullfrog
  1342 | D:2      | Killed a bullfrog
  1342 | D:2      | Reached XP level 5. HP: 45/45 MP: 5/5
  2072 | D:3      | Noticed George's ghost (amateur GnWn)
  2096 | D:3      | Killed George's ghost
  2096 | D:3      | Reached XP level 6. HP: 55/55 MP: 6/6
  2624 | D:4      | Reached XP level 7. HP: 60/60 MP: 7/7
  2659 | D:4      | Found an iron altar of Okawaru.
  2698 | D:4      | Reached skill level 5 in Fighting
  2758 | D:4      | Reached skill level 1 in Throwing
  3063 | D:4      | Found a staircase to the Ecumenical Temple.
  3064 | D:4      | Noticed Pikel
  3147 | D:4      | Noticed a yak
  3149 | D:4      | Noticed a yak
  3149 | D:4      | Noticed a yak
  3184 | D:4      | Killed a yak
  3188 | D:4      | Killed a yak
  3188 | D:4      | Reached XP level 8. HP: 70/70 MP: 8/8
  3193 | D:4      | Killed a yak
  3193 | D:4      | Reached skill level 5 in Armour
  3274 | D:4      | Killed Pikel
  3274 | D:4      | Reached skill level 10 in Axes
  3898 | D:5      | Entered Level 5 of the Dungeon
  3898 | D:5      | Noticed a two-headed ogre
  3908 | D:4      | Reached XP level 9. HP: 64/79 MP: 9/9
  4140 | D:5      | Killed a two-headed ogre
  4371 | D:5      | Reached *** piety under Trog
  4415 | D:5      | Noticed Dargar's ghost (novice GrFi)
  4428 | D:5      | Killed Dargar's ghost
  5318 | D:6      | Reached XP level 10. HP: 81/88 MP: 10/10
  5368 | D:6      | Noticed Menkaure
  5378 | D:6      | Killed Menkaure
  5532 | D:6      | Noticed Dargar's ghost (novice GrFi)
  5566 | D:6      | Killed Dargar's ghost
  5747 | D:7      | Reached **** piety under Trog
  6065 | D:7      | Found Zeisoom Jod's Weapon Boutique.
  6777 | D:8      | Reached skill level 15 in Axes
  6806 | D:8      | Got a translucent plate armour
  6850 | D:8      | Identified the +9 plate armour of Tetsur {MR+} (You found it on level 8 of the Dungeon)
  7474 | D:9      | Reached ***** piety under Trog
  7578 | D:9      | Noticed a two-headed ogre
  7598 | D:9      | Killed a two-headed ogre
  7655 | D:9      | Reached XP level 11. HP: 94/94 MP: 11/11
  7742 | D:9      | Noticed UnrealSpeedPerson7's ghost (novice DDFi)
  7754 | D:9      | Killed UnrealSpeedPerson7's ghost
  8165 | D:10     | Entered Level 10 of the Dungeon
  8276 | D:10     | Found a bloodstained altar of Trog.
  8524 | D:10     | Found a staircase to the Orcish Mines.
  9059 | D:11     | Noticed a brown ugly thing
  9079 | D:11     | Killed a brown ugly thing
  9429 | D:11     | Found a portal to a secret trove of treasure.
  9489 | D:11     | Found Bumiuttioso's Assorted Antiques.
  9513 | D:11     | You fall through a shaft for 2 floors!
  9513 | D:13     | Found Lulil's Distillery.
  9513 | D:13     | Noticed Urug
  9532 | D:13     | Killed Urug
  9580 | D:13     | Found Tioketof's Food Boutique.
  9621 | D:14     | Noticed a centaur warrior
  9657 | D:14     | Killed a centaur warrior
  9689 | D:13     | Noticed a centaur warrior
  9703 | D:13     | Killed a centaur warrior
  9703 | D:13     | Reached skill level 1 in Evocations
  9703 | D:13     | Reached XP level 12. HP: 44/103 MP: 12/12
  9733 | D:13     | Reached skill level 5 in Throwing
  9737 | D:13     | Noticed a two-headed ogre
  9743 | D:13     | Killed a two-headed ogre
  9771 | D:13     | Found a flickering gateway to a bazaar.
  9780 | Bazaar   | Entered a bazaar
  9780 | Bazaar   | Found Qamilaj's General Store.
  9792 | Bazaar   | Found Doisuirch's Antique Weapon Shop.
  9814 | Bazaar   | Found Sujamicomil's Antique Armour Shop.
  9849 | Bazaar   | Bought a pair of glowing boots for 292 gold pieces
  9859 | Bazaar   | Identified a +0 pair of boots of running (You bought it in a shop in a bazaar)
  9874 | Bazaar   | Bought a scroll of brand weapon for 220 gold pieces
 10330 | D:13     | Found Efik's Jewellery Shop.
 10375 | D:13     | Received a gift from Trog
 10712 | D:13     | Found Dokku's Jewellery Boutique.
 10787 | D:13     | Noticed Azrael
 11015 | D:11     | Noticed a two-headed ogre
 11021 | D:11     | Killed a two-headed ogre
 11172 | D:11     | Received a gift from Trog
 11209 | D:11     | Found a staircase to the Lair.
 11443 | D:12     | Reached skill level 10 in Fighting
 11516 | D:12     | You fall through a shaft for 2 floors!
 12040 | D:13     | Upgraded the game from 0.22-a0-392-g5dc3fd9 to 0.22-a0-395-gfed312b
 12294 | D:12     | Noticed a two-headed ogre
 12294 | D:12     | Noticed soark's ghost (journeyman DECj)
 12302 | D:12     | Killed a two-headed ogre
 12302 | D:12     | Reached XP level 13. HP: 114/114 MP: 16/16
 12305 | D:12     | Killed soark's ghost
 12890 | Lair:1   | Entered Level 1 of the Lair of Beasts
 12896 | Lair:1   | Reached skill level 5 in Evocations
 13106 | Lair:1   | Reached skill level 10 in Armour
 13333 | Orc:1    | Entered Level 1 of the Orcish Mines
 13333 | Orc:1    | Found a transporter.
 13349 | Orc:1    | Received a gift from Trog
 13364 | Orc:1    | Noticed Gastronok
 13432 | Orc:1    | Killed Gastronok
 13520 | Orc:1    | Found a flagged portal.
 13538 | Bailey   | Entered a bailey
 14032 | Bailey   | Received a gift from Trog
 14092 | Bailey   | Got a crude cloak
 14124 | Bailey   | Identified the cursed +0 cloak "Foovapp" {+Inv rC- Slay+2} (You found it in a bailey)
 14679 | Orc:2    | Entered Level 2 of the Orcish Mines
 14702 | Orc:2    | Noticed Sonja
 14705 | Orc:2    | Killed Sonja
 14911 | Orc:2    | Received a gift from Trog
 15168 | Orc:2    | Found a staircase to the Elven Halls.
 15169 | Orc:2    | Noticed a stone giant
 15194 | Orc:2    | Killed a stone giant
 15332 | Orc:2    | Received a gift from Trog
 16068 | Orc:2    | Reached XP level 14. HP: 126/126 MP: 17/17
 16233 | Orc:2    | Found Ciesa Cisk's Assorted Antiques.
 16233 | Orc:2    | Found Lotimes's Weapon Boutique.
 16236 | Orc:2    | Found Waadwam's Distillery.
 16236 | Orc:2    | Found Loack's Gadget Shoppe.
 16248 | Orc:2    | Bought a scroll of teleportation for 96 gold pieces
 16248 | Orc:2    | Bought a scroll labeled LEUTIS GOJEREU for 32 gold pieces
 16248 | Orc:2    | Bought an amethyst potion for 28 gold pieces
 16248 | Orc:2    | Bought a scroll of identify for 64 gold pieces
 16252 | Orc:2    | Bought a wand of digging (15) for 608 gold pieces
 16253 | Orc:2    | Bought a potion of heal wounds for 55 gold pieces
 16253 | Orc:2    | Bought a potion of haste for 110 gold pieces
 16354 | D:11     | Bought a scratched ivory ring for 150 gold pieces
 16354 | D:11     | Bought a scroll of identify for 60 gold pieces
 16590 | D:15     | Entered Level 15 of the Dungeon
 16986 | D:14     | Found a gate to the Vaults.
 18130 | D:15     | Received a gift from Trog
 18373 | D:15     | Received a gift from Trog
 18725 | D:15     | Reached XP level 15. HP: 115/137 MP: 18/18
 19278 | D:15     | Found Barha's Assorted Antiques.
 19379 | D:15     | Found a staircase to the Depths.
 19464 | D:15     | Bought a scroll of blinking for 165 gold pieces
 19464 | D:15     | Bought a scroll of magic mapping for 77 gold pieces
 19464 | D:15     | Bought a pitted plate armour for 616 gold pieces
 19474 | D:15     | Identified the +10 plate armour of the Tortoise {SInv} (You bought it in a shop on level 15 of the Dungeon)
 19485 | D:15     | plate armor
 19487 | D:15     | Bought a scroll of identify for 44 gold pieces
 19994 | Lair:2   | Noticed Harold
 20010 | Lair:2   | Killed Harold
 20126 | Lair:2   | Found a staircase to the Snake Pit.
 20219 | Lair:2   | Found a staircase to the Shoals.
 20229 | Lair:2   | Received a gift from Trog
 21992 | Lair:5   | Received a gift from Trog
 22051 | Lair:5   | Reached ****** piety under Trog
 22257 | Lair:5   | Found a dark tunnel.
 22273 | Volcano  | Entered a volcano
 22317 | Volcano  | Received a gift from Trog
 23194 | Lair:6   | Entered Level 6 of the Lair of Beasts
 23645 | Lair:6   | Found a runed door.
 23646 | Lair:6   | Found a viscous altar of Jiyva.
 23787 | Lair:6   | Reached XP level 16. HP: 147/147 MP: 20/20
 23976 | Lair:6   | Found a staircase to the Slime Pits.
 23976 | Lair:6   | Noticed an acid blob
 24238 | Lair:6   | Found a runed door.
 24253 | Lair:6   | Received a gift from Trog
 24378 | Lair:6   | Paralysed by a hornet for 1 turns
 24770 | Lair:6   | Reached XP level 17. HP: 154/154 MP: 21/21
 25395 | Snake:1  | Entered Level 1 of the Snake Pit
 26563 | Snake:2  | Noticed Vashnia
 26919 | Snake:2  | Found Vago's General Store.
 26925 | Snake:2  | Bought a potion of heal wounds for 105 gold pieces
 26925 | Snake:2  | Bought a scroll of identify for 42 gold pieces
 27002 | Snake:2  | Killed Vashnia
 27486 | Shoals:1 | Entered Level 1 of the Shoals
 27534 | Shoals:1 | Received a gift from Trog
 28161 | Shoals:1 | Cast into level 3 of the Abyss (a Zot trap)
 28164 | Abyss:3  | Found a corrupted altar of Lugonu.
 28205 | Abyss:3  | Noticed a tentacled starspawn
 28211 | Abyss:3  | Killed a tentacled starspawn
 28220 | Abyss:3  | Received a gift from Trog
 28262 | Abyss:3  | Noticed a tentacled starspawn
 28270 | Abyss:3  | Reached XP level 18. HP: 138/161 MP: 0/22
 28329 | Abyss:3  | Got an abyssal rune of Zot
 28339 | Shoals:1 | Escaped the Abyss
 30246 | Shoals:4 | Entered Level 4 of the Shoals
 30391 | Shoals:4 | Noticed Ilsuiw
 30512 | Shoals:4 | Noticed Polyphemus
 30576 | Shoals:4 | Killed Polyphemus
 30576 | Shoals:4 | Reached skill level 15 in Fighting
 30576 | Shoals:4 | Reached skill level 27 in Axes
 30576 | Shoals:4 | Reached skill level 5 in Dodging
 30678 | Shoals:4 | Noticed Jorgrun
 30806 | Shoals:3 | Received a gift from Trog
 31646 | Shoals:4 | Received a gift from Trog
 31855 | Shoals:4 | Paralysed by a Zot trap for 5 turns
 31872 | Shoals:4 | Reached XP level 19. HP: 159/170 MP: 24/24
 32195 | Shoals:4 | Got a barnacled rune of Zot
 32396 | Shoals:4 | Killed Ilsuiw
 32588 | Shoals:4 | Killed Jorgrun
 33150 | Snake:2  | Noticed Roxanne
 33508 | Snake:2  | Received a gift from Trog
 33740 | Snake:2  | Noticed Nikola
 33811 | Snake:2  | Killed Nikola
 34445 | Snake:3  | Received a gift from Trog
 35195 | Snake:4  | Entered Level 4 of the Snake Pit
 35249 | Snake:4  | Got a faintly humming chain mail
 35294 | Snake:4  | Identified the +1 chain mail of the Serpent {rF+ rC+ MR+ Stlth+} (You found it on level 4 of the Snake Pit)
 35612 | Snake:4  | Received a gift from Trog
 35647 | Snake:4  | Noticed Aizul
 35656 | Snake:4  | Killed Aizul
 35667 | Snake:4  | Reached skill level 15 in Armour
 35845 | Snake:4  | Received a gift from Trog
 36075 | Snake:4  | Reached XP level 20. HP: 182/182 MP: 26/26
 36205 | Snake:4  | Reached skill level 10 in Throwing
 36486 | Snake:4  | Got a serpentine rune of Zot
 36921 | Elf:1    | Entered Level 1 of the Elven Halls
 37052 | Elf:1    | Noticed Kirke
 37070 | Elf:1    | Killed Kirke
 37114 | Elf:1    | Received a gift from Trog
 37452 | Elf:1    | Found Koca's Distillery.
 37457 | Elf:1    | Bought a potion of heal wounds for 95 gold pieces
 37491 | Elf:1    | You fall through a shaft!
 37534 | Elf:2    | Found a flickering gateway to a bazaar.
 37539 | Bazaar   | Entered a bazaar
 37567 | Bazaar   | Found Welerret's Antique Armour Emporium.
 37597 | Bazaar   | Found Unwamara's Antique Armour Shoppe.
 37617 | Bazaar   | Found Xohaff's Antique Armour Emporium.
 37665 | Bazaar   | Found Lishopigu's Antique Armour Shop.
 37689 | Bazaar   | Bought a shimmering cloak for 294 gold pieces
 37689 | Bazaar   | Bought a pair of smoking boots for 294 gold pieces
 37755 | Elf:2    | Found a frozen archway.
 37788 | IceCv    | Entered an ice cave
 37982 | IceCv    | Identified the +2 pair of boots of Vuupn {rElec Dex+3} (You bought it in a shop in a bazaar)
 37992 | IceCv    | Identified the cursed +0 cloak "Tauhim" {rPois Str+8} (You bought it in a shop in a bazaar)
 38583 | Elf:2    | Found a huge runed gate.
 38583 | Elf:2    | Found a huge runed gate.
 38583 | Elf:2    | Found a huge runed gate.
 38583 | Elf:2    | Found a huge runed gate.
 38583 | Elf:2    | Found a huge runed gate.
 38652 | Elf:3    | Entered Level 3 of the Elven Halls
 38662 | Elf:3    | Noticed Nattefrost's ghost (adept DsWn)
 38683 | Elf:3    | Killed Nattefrost's ghost
 38754 | Elf:3    | Received a gift from Trog
 38754 | Elf:3    | Reached skill level 10 in Evocations
 38782 | Elf:3    | Found Jawoy's General Store.
 38782 | Elf:3    | Found Tealakom's General Store.
 38900 | Elf:3    | Found a radiant altar of Vehumet.
 38980 | Elf:3    | Received a gift from Trog
 39216 | Elf:3    | Received a gift from Trog
 39221 | Elf:3    | Found Burearyeri's Jewellery Emporium.
 39756 | Elf:3    | Reached XP level 21. HP: 173/194 MP: 9/28
 39809 | Elf:3    | Received a gift from Trog
 39873 | Elf:3    | Received a gift from Trog
 40173 | Elf:3    | Received a gift from Trog
 40182 | Elf:3    | Identified the +4 battleaxe of Youthful Indiscretion {drain, MR++ Int+4 Stlth-} (Trog gifted it to you on level 3 of the Elven Halls)
 40367 | Elf:3    | Bought a potion of heal wounds for 90 gold pieces
 40367 | Elf:3    | Bought a scroll of blinking for 135 gold pieces
 40425 | Elf:1    | Bought a potion of heal wounds for 95 gold pieces
 40425 | Elf:1    | Bought a potion of might for 76 gold pieces
 40630 | D:13     | Killed Azrael
 40797 | Vaults:1 | Entered Level 1 of the Vaults
 41342 | Vaults:1 | Received a gift from Trog
 41527 | Vaults:1 | Received a gift from Trog
 41921 | Vaults:1 | Received a gift from Trog
 42368 | Vaults:1 | Reached XP level 22. HP: 180/206 MP: 10/30
 42373 | Vaults:1 | Received a gift from Trog
 43064 | Vaults:2 | Received a gift from Trog
 43067 | Vaults:2 | Reached skill level 10 in Dodging
 43386 | Vaults:2 | Noticed Asterion
 43405 | Vaults:2 | Killed Asterion
 44092 | Vaults:3 | Received a gift from Trog
 44123 | Vaults:3 | Found a staircase to the Crypt.
 44123 | Vaults:3 | Found a basalt altar of Yredelemnul.
 44124 | Vaults:3 | Found an ancient bone altar of Kikubaaqudgha.
 45316 | Vaults:4 | Received a gift from Trog
 45345 | Vaults:4 | Reached XP level 23. HP: 217/217 MP: 10/32
 45364 | Vaults:4 | Noticed an ancient lich
 45575 | Vaults:4 | Killed an ancient lich
 45601 | Vaults:4 | Received a gift from Trog
 45733 | Vaults:4 | Found the +8 longbow "Zephyr" {speed, Dex+3 SInv}
 45905 | Vaults:4 | Received a gift from Trog
 46127 | Vaults:4 | Noticed Xtahua
 46153 | Vaults:4 | Killed Xtahua
 46436 | Vaults:4 | Noticed Mara
 46452 | Vaults:4 | Killed Mara
 46668 | Vaults:5 | Entered Level 5 of the Vaults
 46897 | Vaults:5 | Received a gift from Trog
 46917 | Vaults:4 | Received a gift from Trog
 47005 | Vaults:5 | Noticed a golden dragon
 47006 | Vaults:5 | Reached XP level 24. HP: 231/231 MP: 10/32
 47694 | Vaults:4 | Identified the amulet of Atheism {Harm *Drain rPois Dex+4} (You took it off a yaktaur captain on level 4 of the Vaults)
 48054 | Vaults:5 | Received a gift from Trog
 48370 | Vaults:5 | Got a silver rune of Zot
 48411 | Vaults:5 | Identified the Tome of Igneous Ice
 48413 | Vaults:5 | Identified the amulet of Uzxenuoc {Gourm SInv} (You found it on level 5 of the Vaults)
 48875 | Vaults:5 | Received a gift from Trog
 49547 | Depths:1 | Entered Level 1 of the Depths
 49697 | Depths:1 | Found a glowing golden altar of the Shining One.
 49941 | Depths:1 | Reached XP level 25. HP: 243/243 MP: 11/33
 50007 | Depths:1 | Received a gift from Trog
 50119 | Depths:1 | Found a gateway to Hell.
 50353 | Depths:1 | Received a gift from Trog
 51060 | Depths:2 | Received a gift from Trog
 51075 | Depths:2 | Identified the cursed +0 chain mail of the Twelve Hells {MR+ Str+4 Int+4} (You found it on level 2 of the Depths)
 51184 | Depths:2 | Received a gift from Trog
 51292 | Depths:2 | Noticed an ancient lich
 51435 | Depths:2 | Received a gift from Trog
 51971 | Snake:2  | Bought a scroll of enchant armour for 157 gold pieces
 51971 | Snake:2  | Bought a potion of might for 84 gold pieces
 52018 | Snake:2  | Killed Roxanne
 52306 | Orc:2    | Bought a scroll of enchant armour for 240 gold pieces
 52314 | Orc:2    | Bought a phantom mirror for 480 gold pieces
 52314 | Orc:2    | Bought a wand of scattershot (4) for 384 gold pieces
 52413 | D:11     | You paid a toll of +3 gold dragon scales to enter a treasure trove
 52414 | Trove    | Entered a treasure trove
 52420 | Trove    | Found the +7 great mace "Firestarter" {inner flame, rF++}
 52897 | Depths:2 | Received a gift from Trog
 53060 | Depths:2 | Received a gift from Trog
 53064 | Depths:2 | Noticed an ancient lich
 53081 | Depths:2 | Killed an ancient lich
 53311 | Depths:2 | Killed an ancient lich
 53314 | Depths:2 | Reached XP level 26. HP: 167/254 MP: 11/34
 53476 | Depths:3 | Reached skill level 15 in Evocations
 53586 | Depths:3 | Found a one-way gate leading to the halls of Pandemonium.
 54028 | Depths:3 | Found a one-way gate to the infinite horrors of the Abyss.
 54165 | Depths:3 | Found Puiwkel's Gadget Shoppe.
 54165 | Depths:3 | Found Peugroni's Jewellery Shop.
 54172 | Depths:3 | Found Elonakhi's Gadget Shoppe.
 54306 | Depths:3 | Received a gift from Trog
 54633 | Depths:4 | Noticed a juggernaut
 54640 | Depths:4 | Killed a juggernaut
 54653 | Depths:4 | Received a gift from Trog
 54958 | Depths:4 | Reached skill level 15 in Throwing
 55022 | Depths:4 | Found a gateway to a ziggurat.
 55920 | Depths:5 | Entered Level 5 of the Depths
 56153 | Depths:5 | Received a gift from Trog
 56161 | Depths:5 | Identified the +2 battleaxe of Bid Rie {venom, rC++ SInv} (Trog gifted it to you on level 5 of the Depths)
 56483 | Depths:5 | Found a gate to the Realm of Zot.
 56788 | Depths:5 | Reached XP level 27. HP: 183/266 MP: 11/34
 57181 | Depths:5 | Found Obublopn's General Store.
 57511 | Depths:3 | Bought a wand of clouds (5) for 513 gold pieces
 58164 | Elf:3    | Bought a +1 pair of gloves of archery for 297 gold pieces
 58227 | Elf:1    | Bought a potion of haste for 190 gold pieces
 58227 | Elf:1    | Bought a potion of haste for 190 gold pieces
 58227 | Elf:1    | Bought a potion of cancellation for 152 gold pieces
 58227 | Elf:1    | Bought 2 potions of cancellation for 304 gold pieces
 58291 | Orc:2    | Bought a potion of curing for 33 gold pieces
 58291 | Orc:2    | Bought a potion of curing for 33 gold pieces
 58291 | Orc:2    | Bought a potion of mutation for 88 gold pieces
 58291 | Orc:2    | Bought a potion of invisibility for 88 gold pieces
 58291 | Orc:2    | Bought a potion of curing for 33 gold pieces
 58291 | Orc:2    | Bought a potion of curing for 33 gold pieces
 58291 | Orc:2    | Bought a potion of curing for 33 gold pieces
 58291 | Orc:2    | Bought 3 potions of might for 132 gold pieces
 58291 | Orc:2    | Bought a potion of might for 44 gold pieces
 58649 | Slime:1  | Entered Level 1 of the Pits of Slime
 58667 | Slime:1  | Received a gift from Trog
 58944 | Slime:3  | Received a gift from Trog
 58961 | Slime:4  | Noticed Dissolution
 58967 | Slime:4  | Killed Dissolution
 59000 | Slime:4  | Received a gift from Trog
 59060 | Slime:5  | Entered Level 5 of the Pits of Slime
 59194 | Slime:5  | Received a gift from Trog
 59319 | Slime:5  | Noticed the Royal Jelly
 59328 | Slime:5  | Killed the Royal Jelly
 59520 | Slime:5  | Gained mutation: You do not regenerate when monsters are visible. [a shining eye]
 59572 | Slime:5  | Found the twisted robe
 59646 | Slime:5  | Identified the amulet "Sytamewa" {Harm *Drain rPois Str+4} (You found it on level 5 of the Pits of Slime)
 59673 | Slime:5  | Identified the amulet "Ysimisim" {Spirit Int+4} (You found it on level 5 of the Pits of Slime)
 59685 | Slime:5  | Got a slimy rune of Zot
 60269 | D:13     | Bought a potion of agility for 64 gold pieces
 60269 | D:13     | Bought a potion of resistance for 160 gold pieces
 60269 | D:13     | Bought a potion of heal wounds for 80 gold pieces
 60269 | D:13     | Bought 2 potions of mutation for 256 gold pieces
 60538 | Zot:1    | Entered Level 1 of the Realm of Zot
 60563 | Zot:1    | Received a gift from Trog
 61114 | Zot:1    | Noticed an orb of fire
 61135 | Zot:1    | Killed an orb of fire
 61504 | Zot:2    | Lost mutation: You do not regenerate when monsters are visible. [potion of mutation]
 61504 | Zot:2    | Gained mutation: Your spells are a little harder to cast, but a little more powerful. [potion of mutation]
 61504 | Zot:2    | Gained mutation: Your muscles are strong. (Str +2) [potion of mutation]
 61603 | Zot:2    | Received a gift from Trog
 62461 | Zot:3    | Reached skill level 27 in Fighting
 62538 | Zot:3    | Received a gift from Trog
 62602 | Zot:4    | Noticed an ancient lich
 63129 | Zot:5    | Entered Level 5 of the Realm of Zot
 63663 | Zot:5    | Received a gift from Trog
 63737 | Zot:4    | Reached skill level 15 in Dodging
 64249 | Zot:5    | Noticed an ancient lich
 64263 | Zot:5    | Killed an ancient lich
 64306 | Zot:5    | Noticed an ancient lich
 64326 | Zot:5    | Killed an ancient lich
 64326 | Zot:5    | Received a gift from Trog
 64377 | Zot:5    | Noticed an ancient lich
 64402 | Zot:5    | Killed an ancient lich
 64551 | Zot:5    | Noticed an ancient lich
 64572 | Zot:5    | Noticed an ancient lich
 64576 | Zot:5    | Killed an ancient lich
 64583 | Zot:5    | Killed an ancient lich
 64666 | Zot:5    | Noticed an orb of fire
 64714 | Zot:5    | Gained mutation: You have sharp toenails. [an orb of fire]
 64717 | Zot:5    | Killed an orb of fire
 65330 | Zot:5    | Noticed an orb of fire
 65675 | Zot:5    | Killed an orb of fire
 65911 | Zot:5    | Received a gift from Trog
 65991 | Zot:5    | Identified a scroll of acquirement
 65993 | Zot:5    | Got a wavering golden ring
 65994 | Zot:5    | Identified the ring of the Heavens {rN+ MR+ Str-5 Dex+2 Slay+2} (You acquired it on level 5 of the Realm of Zot)
 66004 | Zot:5    | Got the Orb of Zot
 66340 | D:15     | Noticed Zaesh the pandemonium lord
 66352 | D:15     | Killed Zaesh the pandemonium lord
 66609 | D:3      | Noticed Toeriul the pandemonium lord
 66618 | D:3      | Killed Toeriul the pandemonium lord
 66686 | D:$      | Escaped with the Orb!

Vault maps used:
D:1:      minmay_arrival_five_plusses
D:2:      lemuel_doored_altar, chequers_temple_overflow_statue_of_worship
D:4:      kennysheep_okawaru_gauntlet, minmay_temple_entry_glassed_door,
          patterned_corridor, uniq_pikel
D:5:      corexii_shantytown, first_ration
D:6:      serial_curves, eino_curves_01, eino_curves_02, uniq_menkaure
D:7:      serial_shops, nicolae_shop_behind_doors
D:9:      hangedman_fish_farm
D:10:     kennysheep_orc_monster_closet_entryway, basic_altar
D:11:     erik_lair_dragon, nicolae_trove_entry_crossroad, serial_shops,
          nicolae_shop_waterfront
D:13:     serial_shops, bzr_in_the_mist, shop_statue, shop, kennysheep_mini,
          nicolae_shop_trees, minmay_variable_closet,
          kennysheep_generic_room_12, uniq_azrael, uniq_urug
D:14:     david_vaults_2, lemuel_old_faithful
D:15:     grunt_enter_depths_hoard, serial_shops, shop, minivault_14
Lair:1:   beast_lair_carwin_8
Lair:2:   minmay_lair_oklob_tunnel, minmay_shoals_entry_beasts,
          guppyfry_snake_entry_island, grunt_megastairs_5,
          minmay_lair_oklob_chamber, uniq_harold
Lair:4:   lemuel_reptile_caves
Lair:5:   nicolae_volcano_entry_lava_flow
Lair:6:   wormcave, hangedman_lair_in_review, slime_altar_2, grunt_megastairs_4
Shoals:2: nicolae_shoals_seven_spires, nicolae_shoals_square_sea_wall
Shoals:4: shoals_end_simple, shoals_ilsuiw_alternative, uniq_jorgrun,
          uniq_polyphemus
Snake:2:  serial_shops, nicolae_shop_trees, uniq_vashnia, uniq_roxanne,
          uniq_nikola
Snake:4:  grunt_snake_rune_pools, nicolae_snake_biting_tails, uniq_aizul
Slime:1:  basic_altar, nicolae_slime_barrier
Slime:2:  cheibrodos_slime_lost_civilization_5
Slime:3:  basic_altar
Slime:4:  dissolution_awaits
Orc:1:    gammafunk_beogh_shrine, enter_bailey_3, abandoned_shop, uniq_gastronok
Orc:2:    grunt_orc_tribal_feast, uniq_sonja
Elf:1:    serial_shops, shop, evilmike_minifort, uniq_kirke
Elf:2:    portal_ice_cave_entry_frozen_things, serial_shops, bzr_entry_safe
Elf:3:    grunt_elf_hall_asides, basic_altar, serial_shops, shop,
          minmay_shoptagon
Vaults:1: nicolae_vaults_network_square, v_misc_18,
          nicolae_vaults_stairing_the_circle, vaults_mumra_minichess,
          nicolae_vaults_network_periphery, hangedman_vaults_slice,
          nicolae_vaults_specimen_jars, v_misc_25
Vaults:2: nicolae_vaults_circle_grid_b, nicolae_vaults_diagonal_hallway_6,
          hangedman_vaults_hat, dpeg_vaults_monster_row, vaults_room_fours,
          vaults_standard_mumra_enter_the_diamond, v_misc_31, vaults_dpeg_ring,
          v_pattern_4, uniq_asterion
Vaults:3: hangedman_vaults_stitches, vaults_dpeg_cross, v_alt_pattern_3,
          minmay_crypt_entry_necro_gods, hangedman_vaults_locks,
          ontoclasm_vaults_decontamination, grunt_vaults_trifunnel,
          nicolae_vaults_little_squares_3, vaults_room_hangedman_quadrants,
          grunt_vaults_hallway_long, ontoclasm_vaults_spin,
          nicolae_vaults_ninety_degrees, v_misc_17, dpeg_vaults_monster_box
Vaults:4: st_greater_box_5, hangedman_vaults_maws, v_misc_12,
          hangedman_vaults_trim, vaults_room_door_hall, vaults_mumra_chevron,
          v_misc_22, hangedman_vaults_river_flow,
          nicolae_vaults_ring_of_whatevers, ontoclasm_vaults_gateway,
          ontoclasm_vaults_eye, ontoclasm_vaults_loading_screen, uniq_mara,
          uniq_xtahua
Depths:1: hell_entry, roderic_lattice_octagonal_star, grunt_ministairs_8,
          serial_bayou_ford_a, tso_altar
Depths:2: hangedman_pleasuredromes, hell_entry
Depths:3: dpeg_oklob_gauntlet, rand_demon_pan_entry_5, abyss_entry_crystal,
          hell_entry, minmay_misc_feat_room, minmay_shop_grove,
          infiniplex_staircase_zigzag_1
Depths:4: nicolae_legendary_halls, enter_ziggurat_d, hell_entry,
          small_statue_intersection, minmay_room_of_horrors,
          minmay_curled_crystal, basic_stair_grate_trap
Depths:5: evilmike_zot_entry_round, serial_bayou_shore_b, grunt_mini_vestibule,
          grunt_megastairs_1, serial_bayou_shore_b, minmay_shop_star
Zot:1:    grunt_megastairs_2
Zot:3:    gammafunk_sealed_library, grunt_ministairs_10
Zot:4:    hangedman_snap_crack_crunch
Abyss:3:  small_statue_intersection, minivault_1,
          evilmike_abyss_rune_tso_outpost
Bazaar:   bazaar_jpeg_cross, bazaar_kenran_forest_clearing
Trove:    trove_simple
Bailey:   bailey_polearm_1, bailey
IceCv:    ice_cave_statue_garden_chambered
Volcano:  volcano_village

Skill      XL: |  1  2  3  4  5  6  7  8  9 10 11 12 13 14 15 16 17 18 19 20 21 22 23 24 25 26 27 |
---------------+----------------------------------------------------------------------------------+-----
Axes           | 5 6 7 8 9 10 12 16 18 19 20 21 22 24 26 27 | 27.0
Fighting       | 4 5 7 8 10 12 13 14 15 16 18 19 20 21 23 24 25 27 | 27.0
Armour         | 3 4 6 7 9 11 12 13 14 15 16 17 18 19 20 22 | 22.6
Throwing       | 2 3 4 6 7 8 9 10 11 12 13 14 15 17 | 17.3
Evocations     | 1 4 5 6 7 9 10 11 12 13 14 15 18 | 18.0
Dodging        | 2 4 5 7 8 9 10 11 12 13 16 | 16.3

Action                   |  1- 3 |  4- 6 |  7- 9 | 10-12 | 13-15 | 16-18 | 19-21 | 22-24 | 25-27 || total
-------------------------+-------+-------+-------+-------+-------+-------+-------+-------+-------++-------
Melee: Hand axe          |    70 |   129 |   367 |   403 |       |       |       |       |       ||   969
       War axe           |       |       |       |   245 |    17 |       |       |       |       ||   262
       Broad axe         |       |       |       |   227 |   134 |       |       |       |       ||   361
       Battleaxe         |       |       |       |       |   919 |   819 |   906 |       |       ||  2644
       Executioner's axe |       |       |       |       |       |       |   415 |   984 |  1907 ||  3306
Throw: Javelin           |       |     1 |    12 |    29 |    55 |    53 |    31 |    10 |    36 ||   227
       Throwing net      |       |       |       |       |     1 |       |     3 |       |       ||     4
Invok: Berserk           |     3 |     3 |    12 |    19 |    12 |     6 |    15 |     5 |    20 ||    95
       Trog's Hand       |       |     1 |     3 |     9 |     1 |     6 |    14 |    14 |    19 ||    67
       Brothers in Arms  |       |       |       |     6 |     2 |     8 |     3 |     1 |     9 ||    29
Evoke: Wand              |       |       |       |    12 |     9 |    29 |    35 |     3 |    20 ||   108
       Phial of floods   |       |       |       |       |       |       |     2 |       |     1 ||     3
       Lightning rod     |       |       |       |       |       |       |     7 |       |       ||     7
       Phantom mirror    |       |       |       |       |       |       |       |       |     1 ||     1
  Use: Scroll            |       |     1 |     5 |    26 |    15 |    10 |    17 |    11 |    30 ||   115
       Potion            |       |       |       |     5 |     1 |     8 |     1 |     8 |    13 ||    36
 Stab: Paralysed         |       |       |       |     8 |     6 |       |     8 |     5 |       ||    27
       Petrified         |       |       |       |       |       |     3 |       |       |       ||     3
       Distracted        |       |       |       |       |       |     2 |       |       |     7 ||     9
  Eat: Chunk             |     1 |     9 |    19 |    27 |    31 |    19 |    27 |    25 |    28 ||   186
       Ration            |       |       |     1 |     8 |     5 |     5 |     8 |     3 |    18 ||    48
Armor: Animal skin       |    16 |     4 |       |       |       |       |       |       |       ||    20
       Ring mail         |       |    50 |    77 |       |       |       |       |       |       ||   127
       Chain mail        |       |       |    33 |     5 |       |       |       |       |       ||    38
       Plate armour      |       |       |       |   478 |   616 |   602 |   610 |   555 |   756 ||  3617
       Skin              |       |       |       |       |       |       |       |       |    17 ||    17
       Gold dragon scale |       |       |       |       |       |       |       |       |   242 ||   242
Dodge: Dodged            |    41 |    85 |   139 |   246 |   327 |   350 |   574 |   538 |  1033 ||  3333

Table legend:
 A = Spawn XP
 B = Non-spawn XP
 C = Spawn XP percentage of total XP
 D = Spawn monster count
 E = Non-spawn monster count
 F = Spawn count percentage of total count
 G = Total turns spent on level
                    A         B        C        D         E        F      G
               +---------+---------+-------+---------+---------+-------+---------
         Total |     377 | 1638434 |   0.0 |       2 |    2333 |   0.1 | 66686
               +---------+---------+-------+---------+---------+-------+---------
           D:1 |       0 |      29 |   0.0 |       0 |      14 |   0.0 |   683
           D:2 |       0 |     186 |   0.0 |       0 |      21 |   0.0 |   909
           D:3 |       0 |     391 |   0.0 |       0 |      23 |   0.0 |  1186
           D:4 |       0 |    1796 |   0.0 |       0 |      22 |   0.0 |  1289
           D:5 |       0 |    1914 |   0.0 |       0 |      51 |   0.0 |  1190
           D:6 |       0 |    1311 |   0.0 |       0 |      15 |   0.0 |   640
           D:7 |       0 |    1344 |   0.0 |       0 |      30 |   0.0 |   850
           D:8 |       0 |     758 |   0.0 |       0 |      16 |   0.0 |   814
           D:9 |       0 |    3077 |   0.0 |       0 |      33 |   0.0 |   886
          D:10 |       0 |    2894 |   0.0 |       0 |      41 |   0.0 |   998
          D:11 |       0 |    4373 |   0.0 |       0 |      27 |   0.0 |  1723
          D:12 |       0 |    7068 |   0.0 |       0 |      37 |   0.0 |  1083
          D:13 |       0 |   10943 |   0.0 |       0 |      45 |   0.0 |  2328
          D:14 |       0 |    9894 |   0.0 |       0 |      24 |   0.0 |  1794
          D:15 |       0 |   22022 |   0.0 |       0 |      42 |   0.0 |  1732
        Lair:1 |       0 |    6684 |   0.0 |       0 |      33 |   0.0 |   904
        Lair:2 |       0 |    8997 |   0.0 |       0 |      28 |   0.0 |  1245
        Lair:3 |       0 |    3388 |   0.0 |       0 |      10 |   0.0 |   728
        Lair:4 |       0 |    7582 |   0.0 |       0 |      43 |   0.0 |   910
        Lair:5 |       0 |    5387 |   0.0 |       0 |      21 |   0.0 |  1087
        Lair:6 |       0 |   31160 |   0.0 |       0 |      87 |   0.0 |  1745
      Shoals:1 |       0 |   11001 |   0.0 |       0 |      25 |   0.0 |   901
      Shoals:2 |       0 |   10969 |   0.0 |       0 |      22 |   0.0 |  1134
      Shoals:3 |       0 |   26886 |   0.0 |       0 |      49 |   0.0 |  1741
      Shoals:4 |       0 |   43863 |   0.0 |       0 |      66 |   0.0 |  1493
       Snake:1 |       0 |   12697 |   0.0 |       0 |      25 |   0.0 |  1587
       Snake:2 |       0 |   32447 |   0.0 |       0 |      44 |   0.0 |  1832
       Snake:3 |       0 |   13961 |   0.0 |       0 |      27 |   0.0 |  1142
       Snake:4 |       0 |   57497 |   0.0 |       0 |     103 |   0.0 |  1489
       Slime:1 |       0 |    5014 |   0.0 |       0 |      11 |   0.0 |    48
       Slime:2 |       0 |   11070 |   0.0 |       0 |      19 |   0.0 |   262
       Slime:3 |       0 |    4915 |   0.0 |       0 |       7 |   0.0 |    26
       Slime:4 |       0 |   25448 |   0.0 |       0 |      34 |   0.0 |   356
       Slime:5 |       0 |   45211 |   0.0 |       0 |      34 |   0.0 |   495
         Orc:1 |       0 |    5001 |   0.0 |       0 |      29 |   0.0 |  1012
         Orc:2 |       0 |   11307 |   0.0 |       0 |      64 |   0.0 |  1534
         Elf:1 |       0 |   15020 |   0.0 |       0 |      25 |   0.0 |   620
         Elf:2 |       0 |   12649 |   0.0 |       0 |      20 |   0.0 |   573
         Elf:3 |       0 |   76572 |   0.0 |       0 |      69 |   0.0 |  1781
      Vaults:1 |       0 |   61969 |   0.0 |       0 |      89 |   0.0 |  1976
      Vaults:2 |       0 |   46412 |   0.0 |       0 |      70 |   0.0 |  1268
      Vaults:3 |       0 |   37843 |   0.0 |       0 |      55 |   0.0 |  1437
      Vaults:4 |       0 |  153262 |   0.0 |       0 |     131 |   0.0 |  2708
      Vaults:5 |       0 |   95556 |   0.0 |       0 |      71 |   0.0 |  1620
      Depths:1 |       0 |   53326 |   0.0 |       0 |      77 |   0.0 |  1685
      Depths:2 |       0 |  118553 |   0.0 |       0 |      96 |   0.0 |  1559
      Depths:3 |       0 |   22747 |   0.0 |       0 |      34 |   0.0 |  1094
      Depths:4 |       0 |   71688 |   0.0 |       0 |      71 |   0.0 |  1573
      Depths:5 |       0 |   74344 |   0.0 |       0 |      72 |   0.0 |  1625
         Zot:1 |       0 |   69789 |   0.0 |       0 |      40 |   0.0 |   888
         Zot:2 |       0 |   56327 |   0.0 |       0 |      36 |   0.0 |  1090
         Zot:3 |       0 |   14625 |   0.0 |       0 |      12 |   0.0 |   171
         Zot:4 |       0 |   28291 |   0.0 |       0 |      16 |   0.0 |   578
         Zot:5 |       0 |  151875 |   0.0 |       0 |      47 |   0.0 |  2872
       Abyss:3 |     377 |   17504 |   2.1 |       2 |      31 |   6.1 |   178
        Bailey |       0 |    1393 |   0.0 |       0 |      19 |   0.0 |   618
         IceCv |       0 |    7501 |   0.0 |       0 |      22 |   0.0 |   487
       Volcano |       0 |    2703 |   0.0 |       0 |       8 |   0.0 |   191
               +---------+---------+-------+---------+---------+-------+---------
